[Event "*** Titled Tuesday Blitz"]
[Site "Chess.com"]
[Date "2020.11.24"]
[Round "1"]
[White "tylityli"]
[Black "kingnb"]
[Result "1-0"]
[WhiteElo "2344"]
[BlackElo "2602"]
[TimeControl "180+1"]
[EndTime "10:21:53 PST"]
[Termination "tylityli won by checkmate"]

1. d4 d6 2. e4 Nf6 3. Nc3 e5 4. Nf3 exd4 5. Nxd4 Be7 6. Bc4 O-O 7. O-O Nxe4 8.
Nxe4 d5 9. Bd3 dxe4 10. Bxe4 Nd7 11. Be3 Nf6 12. Bd3 c6 13. h3 Nd5 14. Bd2 Bf6 15. c3 Qc7 16. Qh5 g6 17. Qf3 Bg7 18. Rad1 b6 19. Be4 Bb7 20. Bg5 Qe5 21. Bh4 Rae8 22.
Rfe1 Nf6 23. Bg3 Qe7 24. Nxc6 Bxc6 25. Bxc6 Qxe1+ 26. Rxe1 Rxe1+ 27. Kh2 Nh5 28. Bd5 Nxg3 29. fxg3 h5 30. h4 Re7 31. b3 Be5 32. c4 Kg7 33. Kh3 Rfe8 34. a4 Bf6 35. Bc6 Rd8 36. Bd5 Re5 37.
Qf4 Rde8 38. Bc6 R8e7 39. Bd5 Re3 40. Qd6 Rxb3 41. c5 bxc5 42. Bxb3 Re3 43. Qd5 Be5 44. Qxf7+ Kh6 45. Qf8+ Kh7 46. Qf7+ Kh8 47. Qg8# 1-0

[Event "*** Titled Tuesday Blitz"]
[Site "Chess.com"]
[Date "2020.11.24"]
[Round "1"]
[White "annamaja"]
[Black "Iskusnyh"]
[Result "0-1"]
[WhiteElo "2286"]
[BlackElo "2581"]
[TimeControl "180+1"]
[EndTime "10:21:53 PST"]
[Termination "Iskusnyh won by resignation"]

1. e4 e6 2. d4 d5 3. exd5 exd5 4. c4 Nf6 5. Nc3 Bb4 6. Bd3 O-O 7. Ne2 dxc4 8. Bxc4 Nc6 9. O-O Bf5 10. Bg5 Be7 11.
d5 Ne5 12. Bb3 h6 13. Bxf6 Bxf6 14. Nd4 Bg6 15. Re1 Nd3 16. Re3 Bxd4 17. Rxd3 Bxd3 18. Qxd3 Bxc3 19. Qxc3 Qd6 20. Rc1 Rae8 21. g3 Re7 22. Qd4 a6 23. Qg4 Rfe8 24. Rc3 Re4 25. Qf3 g6 26. Kg2 Kg7 27. Qd3 R8e7 28. h4 h5 29. Qf3 Qf6 30. Qd1 Re1 31. Qd3 R1e2 32. Qf3 Qxf3+ 33.
Kxf3 Rxb2 34. Rd3 Ree2 35. Kf4 Rxf2+ 36. Ke5 Rbe2+ 37. Kd4 Rd2 0-1

[Event "*** Titled Tuesday Blitz"]
[Site "Chess.com"]
[Date "2020.11.24"]
[Round "1"]
[White "ChessicallyInclined"]
[Black "TheCairnTerrier"]
[Result "1-0"]
[WhiteElo "2517"]
[BlackElo "2158"]
[TimeControl "180+1"]
[EndTime "10:21:53 PST"]
[Termination "ChessicallyInclined won on time"]

1. d4 Nf6 2. c4 g6 3. Nc3 Bg7 4. e4 d6 5. f3 c6 6. Be3 a6 7.
c5 dxc5 8. dxc5 Nfd7 9. Nge2 Qa5 10.
a3 O-O 11. Qd2 Ne5 12. Nd4 Rd8 13. b4 Qc7 14. Be2 Nxf3+ 15. Bxf3 e5 16. Bg5 Rxd4 17. Qf2 Be6 18. O-O Nd7 19. Ne2 Bc4 20. Nxd4 Bxf1 21. Ne6 fxe6 22. Rxf1 Rf8 23. Qa2 Re8 24. Bg4 Nf8 25. Rd1 Qc8 26. Rd6 h6 27. Bh4 g5 28.
Bg3 Kh8 29. Qf2 Qc7 30. Bh5 Rc8 31. Qb2 1-0

[Event "*** Titled Tuesday Blitz"]
[Site "Chess.com"]
[Date "2020.11.24"]
[Round "1"]
[White "beto-betun"]
[Black "Orest_Vovk"]
[Result "0-1"]
[WhiteElo "2199"]
[BlackElo "2527"]
[TimeControl "180+1"]
[EndTime "10:21:55 PST"]
[Termination "Orest_Vovk won by checkmate"]

1. d4 Nc6 2. d5 Ne5 3. f4 Ng6 4.
e4 e5 5. dxe6 dxe6 6. Qxd8+ Kxd8 7. Nf3 Bc5 8. Nc3 Bd7 9. h3 Nf6 10. Bd2 Bc6 11. Bd3 Ke7 12. O-O-O Rhd8 13. Rhe1 Nh5 14.
f5 Ngf4 15. Bxf4 Nxf4 16. Ne5 Nxd3+ 17. cxd3 Be8 18. fxe6 fxe6 19. Rf1 Bd4 20. Nc4 b5 21. Nd2 Be3 22. Kc2 b4 23. Ne2 Bb5 24. Nc4 Bxc4 25. dxc4 Rxd1 26. Rxd1 Rf8 27. Kd3 Bc5 28.
Rd2 Rf1 29. Ng3 Ra1 30. b3 g6 31. e5 Re1 32. Re2 Rd1+ 33. Rd2 Rc1 34. Ke4 Re1+ 35. Kd3 Re3+ 36. Kc2 Rxg3 37. Re2 Rc3+ 38. Kd2 a5 39. Re4 a4 40. Re2 axb3 41. axb3 Rxb3 42. Kc2 Ra3 43.
Kb2 Bd4+ 44. Kb1 b3 45. Re4 Ra1# 0-1

[Event "*** Titled Tuesday Blitz"]
[Site "Chess.com"]
[Date "2020.11.24"]
[Round "1"]
[White "BillCoe"]
[Black "adriangschnitzer"]
[Result "0-1"]
[WhiteElo "2061"]
[BlackElo "2496"]
[TimeControl "180+1"]
[EndTime "10:21:55 PST"]
[Termination "adriangschnitzer won on time"]

1. e4 c5 2. Nf3 Nc6 3. Bb5 g6 4. Bxc6 bxc6 5. d3 Bg7 6. O-O e5 7. c4 d6 8. Nc3 f5 9. Bg5 Qc7 10. exf5 gxf5 11. h3 h6 12. Bd2 Nf6 13. Nh4 O-O 14.
Qc1 Kh7 15. f4 e4 16. dxe4 Nxe4 17. Nxe4 fxe4 18. Bc3 Bd4+ 19. Bxd4 cxd4 20. Qd1 c5 21. Qh5 Qf7 22. Qe2 e3 23. g4 Qf6 24. g5 hxg5 25. Qh5+ Qh6 26. Qxh6+ Kxh6 27. fxg5+ Kg7 28. Kg2 Bb7+ 29.
Kg3 e2 30. Nf5+ Kg6 31. Ne7+ Kxg5 32. Rf2 d3 33. h4+ Kh5 34. Nf5 Rg8+ 35. Kh2 Rae8 36.
Ng3+ Rxg3 37. Kxg3 d2 0-1

[Event "*** Titled Tuesday Blitz"]
[Site "Chess.com"]
[Date "2020.11.24"]
[Round "1"]
[White "Chernov_Mikhail"]
[Black "MPGM"]
[Result "0-1"]
[WhiteElo "2330"]
[BlackElo "2623"]
[TimeControl "180+1"]
[EndTime "10:21:56 PST"]
[Termination "MPGM won by resignation"]

1. e4 c6 2. d4 d5 3. e5 c5 4. dxc5 e6 5. Bd3 Bxc5 6. a3 a6 7. Qg4 Kf8 8. Nf3 Ne7 9. O-O Nd7 10. b4 Ba7 11. Bb2 Ng6 12. Nbd2 f5 13. exf6 Nxf6 14. Qg5 Bd7 15. Bxg6 hxg6 16. Ne5 Be8 17. Nxg6+ Bxg6 18. Qxg6 Qe8 19. Qg3 Rc8 20. Nf3 Bb8 21. Be5 Bxe5 22. Nxe5 Kg8 23. Rac1 Rh5 24. c4 Ne4 25. Qe3 Rxe5 26.
Qd4 Rg5 27. f4 Rh5 28. g4 Qg6 29. Kh1 Qxg4 30. Rg1 Qf3+ 31. Rg2 Ng3+ 32. Kg1 Ne2+ 0-1

[Event "*** Titled Tuesday Blitz"]
[Site "Chess.com"]
[Date "2020.11.24"]
[Round "1"]
[White "LikeWater"]
[Black "VladimirBugayev"]
[Result "1-0"]
[WhiteElo "2612"]
[BlackElo "2317"]
[TimeControl "180+1"]
[EndTime "10:21:59 PST"]
[Termination "LikeWater won on time"]

1. e4 c6 2. d4 d5 3. exd5 cxd5 4. c4 Nf6 5. Nc3 Nc6 6. Nf3 Bg4 7. cxd5 Nxd5 8. Qb3 Bxf3 9. gxf3 e6 10. Qxb7 Nxd4 11.
Bb5+ Nxb5 12. Qc6+ Ke7 13. Qc5+ Qd6 14. Nxd5+ exd5 15. Qxb5 Rb8 16. Qe2+ Qe6 17. Be3 f6 18. Rd1 Kf7 19. O-O Bc5 20. Rfe1 Bxe3 21. b3 Rhe8 22. fxe3 Rb4 23. Qd3 Rd8 24. Qxh7 Qb6 25. Qh5+ Kg8 26.
Rxd5 Rxd5 27. Qxd5+ Kh7 28. Qh5+ Kg8 29. Qe8+ Kh7 30.
Rd1 Rh4 31. Rd8 1-0

[Event "*** Titled Tuesday Blitz"]
[Site "Chess.com"]
[Date "2020.11.24"]
[Round "1"]
[White "Rap_woyska"]
[Black "Chopper1905"]
[Result "0-1"]
[WhiteElo "2459"]
[BlackElo "2973"]
[TimeControl "180+1"]
[EndTime "10:22:00 PST"]
[Termination "Chopper1905 won by resignation"]

1. c4 c6 2. e4 d5 3. exd5 cxd5 4. d4 Nf6 5. Nc3 Nc6 6. Nf3 Bg4 7. cxd5 Nxd5 8. Qb3 Nb6 9. Ne5 Be6 10. Qb5 Rc8 11.
Be3 a6 12. Nxc6 Rxc6 13. Qa5 Nd5 14. Qxd8+ Kxd8 15. Kd2 Nxc3 16. bxc3 Bd5 17. f3 e6 18. Bd3 Ba3 19. Rhb1 b5 20. Be4 Rc4 21. Bxd5 exd5 22. Rb3 Ra4 23. Kd3 Kd7 24. Re1 Bd6 25. Re2 Bxh2 26. Bc1 Bd6 27. Rb1 Re8 28. Rbb2 Ba3 29. Rxe8 Bxb2 30. Re1 Bxc1 31. Rxc1 Rxa2 32. g4 h6 33. Rh1 Ra3 34. Kc2 a5 35. Rh5 Kd6 36. g5 hxg5 37. Rxg5 g6 38. Re5 b4 39. cxb4 axb4 40.
f4 Rc3+ 41. Kd2 Rf3 0-1

[Event "*** Titled Tuesday Blitz"]
[Site "Chess.com"]
[Date "2020.11.24"]
[Round "1"]
[White "korbul"]
[Black "SameerMujumdar"]
[Result "0-1"]
[WhiteElo "2567"]
[BlackElo "2304"]
[TimeControl "180+1"]
[EndTime "10:22:00 PST"]
[Termination "SameerMujumdar won by resignation"]

1. e4 c5 2. Nf3 e6 3. d4 cxd4 4. Nxd4 a6 5. Be2 Qc7 6. Nc3 Nf6 7. f4 d6 8. Be3 b5 9. Bf3 Bb7 10. e5 dxe5 11. fxe5 Nfd7 12. Bxb7 Qxb7 13. O-O Bc5 14. Qh5 O-O 15. Rf3 g6 16. Qg5 Nc6 17. Nxc6 Qxc6 18. Qf4 Bxe3+ 19. Rxe3 Rac8 20. a3 Qc4 21. Re4 Qc5+ 22. Kh1 Nb6 23. Qh6 f5 24. exf6 Rxf6 25. Rh4 Qc7 26. Ne4 Rf7 27. Ng5 Re7 28. Rf1 Rd8 29.
Rhf4 Qxf4 30. Rg1 Red7 31. h3 Nd5 32. Re1 Nf6 33. Nf7 Qxh6 34. Nxh6+ Kg7 35. Ng4 Nxg4 36. hxg4 Rd1 37. Kh2 Rxe1 0-1

[Event "*** Titled Tuesday Blitz"]
[Site "Chess.com"]
[Date "2020.11.24"]
[Round "1"]
[White "canary2016"]
[Black "Dave_ChessMate"]
[Result "1/2-1/2"]
[WhiteElo "1969"]
[BlackElo "2468"]
[TimeControl "180+1"]
[EndTime "10:22:00 PST"]
[Termination "Game drawn by repetition"]

1. d4 Nf6 2. c4 e6 3. g3 c5 4. Bg2 cxd4 5. Qxd4 Nc6 6. Qd1 Bb4+ 7. Nc3 Bxc3+ 8. bxc3 O-O 9. Nf3 d5 10. cxd5 Nxd5 11.
Bb2 Qb6 12. Rb1 Rd8 13. Qc2 Qa5 14. a3 b6 15. O-O Ba6 16. Rfd1 Bc4 17. Nd4 Nxd4 18.
cxd4 Rac8 19. Qd2 Qxd2 20. Rxd2 b5 21. e3 a5 22. Ba1 b4 23. axb4 Nxb4 24. Bc3 Rb8 25.
Rdb2 Bd3 26. Rd1 Bc2 27. Rd2 Bg6 28. Rd1 Rdc8 29. Bxb4 Rxb4 30. Ra2 a4 31. Rda1 h6 32. Bf3 Bc2 33. Rc1 Rbc4 34. Be2 Rc3 35. Bb5 Bb3 36. Rxc3 Rxc3 37. Ra3 Rc1+ 38. Kg2 Rc3 39. Kg1 Rc1+ 40. Kg2 Rc3 41. Kg1 1/2-1/2

[Event "*** Titled Tuesday Blitz"]
[Site "Chess.com"]
[Date "2020.11.24"]
[Round "1"]
[White "Misha_Bilous"]
[Black "LPSupi"]
[Result "0-1"]
[WhiteElo "2454"]
[BlackElo "2942"]
[TimeControl "180+1"]
[EndTime "10:22:02 PST"]
[Termination "LPSupi won by resignation"]

1. d4 Nf6 2. c4 g6 3. f3 Bg7 4. e4 O-O 5. Nc3 d6 6. Be3 Nc6 7. Nge2 a6 8. Qd2 Rb8 9. h4 h5 10. Bh6 b5 11. O-O-O bxc4 12. g4 e5 13. Nd5 Nxd5 14. exd5 c3 15. Nxc3 Nxd4 16. gxh5 Bf5 17.
hxg6 fxg6 18. h5 Bxh6 19. Qxh6 g5 20. f4 Rxb2 21. Kxb2 Qb8+ 22. Kc1 Qb4 23. Qxg5+ Kf7 24. Rxd4 Qxc3+ 25. Kd1 Qxd4+ 26. Ke1 Qe4+ 27. Kf2 Rg8 28. Qh4 Qd4+ 29. Ke1 Qe3+ 30. Be2 Rg2 0-1

[Event "*** Titled Tuesday Blitz"]
[Site "Chess.com"]
[Date "2020.11.24"]
[Round "1"]
[White "Zq1"]
[Black "elamier"]
[Result "0-1"]
[WhiteElo "2603"]
[BlackElo "2345"]
[TimeControl "180+1"]
[EndTime "10:22:02 PST"]
[Termination "elamier won by resignation"]

1. d4 Nf6 2. c4 g6 3. Nc3 d5 4. Nf3 Bg7 5. cxd5 Nxd5 6. Bd2 Nb6 7. Bg5 Nc6 8. e3 h6 9. Bf4 O-O 10. Bb5 Bd7 11. O-O a6 12. Be2 Nb4 13. Bg3 N4d5 14. Ne4 Bb5 15. Nc5 Qc8 16. Rc1 c6 17. b3 Nd7 18. Nd3 a5 19. a4 Ba6 20. Qd2 Qd8 21.
Rfd1 Qb6 22. Rb1 Nb4 23. Nde5 Nxe5 24. Nxe5 Rad8 25. Nc4 Bxc4 26. bxc4 e5 27. c5 Qa7 28.
Qc3 exd4 29. exd4 Rd7 30. Bg4 f5 31. Bd6 fxg4 32. Bxf8 Bxf8 33. Qg3 h5 34. h3 gxh3 35. Qxg6+ Rg7 36. Qe6+ Kh8 37. Qxh3 Qb8 38. Rb3 Nd5 39.
Qxh5+ Rh7 40. Qe5+ Qxe5 41. dxe5 Bxc5 42. g3 Kg8 43. Kg2 Kf8 44. Rdb1 Bb4 45. Rf3+ Rf7 46.
Rxf7+ Kxf7 47. f4 b5 48. axb5 cxb5 49. Rd1 Ne3+ 0-1

[Event "*** Titled Tuesday Blitz"]
[Site "Chess.com"]
[Date "2020.11.24"]
[Round "1"]
[White "Firegrizzly"]
[Black "Sacbutt"]
[Result "1-0"]
[WhiteElo "2606"]
[BlackElo "2308"]
[TimeControl "180+1"]
[EndTime "10:22:02 PST"]
[Termination "Firegrizzly won on time"]

1. d4 Nf6 2. Bf4 d5 3. e3 Bf5 4. Nf3 e6 5. Be2 c5 6. c3 Nc6 7. Nbd2 Bd6 8. dxc5 Bxc5 9. O-O O-O 10. Rc1 Bd6 11.
Bxd6 Qxd6 12. c4 dxc4 13. Nxc4 Qe7 14. Nd4 Nxd4 15. Qxd4 Be4 16. Qd6 Rfe8 17. Rfd1 Bd5 18. Qxe7 Rxe7 19. b3 g6 20. f3 Kg7 21. Ne5 b6 22. e4 Bb7 23. Bb5 a6 24. Be2 Ne8 25. Nc4 b5 26. Na5 Rc8 27. Rxc8 Bxc8 28. Rd8 Bd7 29.
Kf2 Nf6 30. b4 Re8 31. Rxe8 Nxe8 32. Nb7 Nc7 33. Nc5 Bc6 34. Ke3 Kf6 35. f4 Ke7 36.
g3 Kd6 37. Bf3 e5 38. Bg4 f6 39. Bc8 h6 40. Nxa6 Ne6 41. Bxe6 Kxe6 42. Nc5+ Kd6 43. h4 Ke7 44. f5 g5 45. hxg5 fxg5 46. a3 h5 47. Nd3 Kf6 48. Nf2 h4 49. Ng4+ Kg7 50.
gxh4 gxh4 51. Nxe5 h3 52. Nf3 Kf6 53. Kf4 Bb7 54. e5+ Kf7 55. Nh2 Bg2 56. Kg5 Kg7 57. e6 1-0

[Event "*** Titled Tuesday Blitz"]
[Site "Chess.com"]
[Date "2020.11.24"]
[Round "1"]
[White "elohunter1999"]
[Black "FMalexhdez"]
[Result "1-0"]
[WhiteElo "2577"]
[BlackElo "2277"]
[TimeControl "180+1"]
[EndTime "10:22:02 PST"]
[Termination "elohunter1999 won by resignation"]

1. e4 c5 2. Nf3 d6 3. d4 cxd4 4. Nxd4 Nf6 5. Nc3 a6 6. h3 e5 7. Nb3 h5 8. f4 exf4 9. Bxf4 Nc6 10. Qe2 Be6 11. O-O-O Be7 12. e5 Nd7 13. exd6 Bf6 14. Nd5 O-O 15. Qxh5 Bxd5 16. Rxd5 Nb4 17. Rd2 g6 18. Qa5 Qxa5 19. Nxa5 Nxa2+ 20. Kb1 Nb4 21. c3 Nc6 22. Nxc6 bxc6 23. Bc4 Rfe8 24. Rf1 Rab8 25. Kc2 a5 26. g4 g5 27. Bh2 Re3 28. h4 Re4 29. Bxf7+ Kg7 30. hxg5 Bxg5 31. Rg2 Rf8 32.
Rgf2 Nc5 33. Ba2 a4 34. Rxf8 1-0

[Event "*** Titled Tuesday Blitz"]
[Site "Chess.com"]
[Date "2020.11.24"]
[Round "1"]
[White "rududuyk"]
[Black "BegmuratovKh2010"]
[Result "0-1"]
[WhiteElo "2158"]
[BlackElo "2516"]
[TimeControl "180+1"]
[EndTime "10:22:02 PST"]
[Termination "BegmuratovKh2010 won by resignation"]

1. e4 e5 2. Nf3 Nc6 3. Bb5 Nf6 4. O-O Nxe4 5. Re1 Nd6 6. Nxe5 Nxe5 7. Rxe5+ Be7 8. Bf1 O-O 9. d4 Bf6 10. Re1 Nf5 11. c3 d5 12. Bf4 Nd6 13. Nd2 Bf5 14. Qf3 Ne4 15. Nxe4 Bxe4 16. Qg3 c6 17. Be5 Bg6 18.
Bxf6 Qxf6 19. Re3 Rfe8 20. Rae1 Rxe3 21. Qxe3 Kf8 22. h3 Bf5 23. Bd3 Bxd3 24. Qxd3 g6 25. Qe3 Kg7 26. Qe7 Qxe7 27. Rxe7 Rb8 28. f4 Kf6 29.
Re5 Rd8 30. g4 h6 31. Kg2 Rd7 32. Kf3 b6 33. Re8 Rc7 34. Rh8 c5 35. dxc5 bxc5 36. Rxh6 Kg7 37. g5 Re7 38. f5 Re5 39. f6+ Kg8 40.
Kf4 Rf5+ 41. Kg4 d4 42. cxd4 cxd4 43. Rh4 d3 44. Kg3 Rd5 45. Rc4 d2 46. Rc8+ Kh7 47. Rc7 d1=Q 48. Rxf7+ Kg8 49. Rg7+ Kf8 0-1

[Event "*** Titled Tuesday Blitz"]
[Site "Chess.com"]
[Date "2020.11.24"]
[Round "1"]
[White "VladaSviridova"]
[Black "NeverW84M8"]
[Result "0-1"]
[WhiteElo "2275"]
[BlackElo "2571"]
[TimeControl "180+1"]
[EndTime "10:22:03 PST"]
[Termination "NeverW84M8 won by resignation"]

1. d4 Nf6 2. c4 c5 3. d5 e6 4.
Nc3 exd5 5. cxd5 d6 6. e4 g6 7. Bd3 Bg7 8. h3 O-O 9. Nf3 a6 10. a4 Nh5 11. O-O Nd7 12. Re1 Ne5 13. Be2 Nxf3+ 14. Bxf3 Qh4 15. Bg4 f5 16. exf5 Bxf5 17. Bxf5 Rxf5 18. Be3 Raf8 19. Qg4 Qd8 20. Rab1 Kh8 21. g3 Qb8 22. Rbd1 b5 23. axb5 axb5 24. Rd2 Nf6 25. Qd1 b4 26. Ne2 Ne4 27. g4 Nxd2 28.
gxf5 Nf3+ 29. Kg2 Nxe1+ 30. Qxe1 Rxf5 31. Ng3 Rxd5 32. Qe2 Re5 33. Qf3 Re8 34. Bg5 Qa8 35. Qxa8 Rxa8 36. b3 c4 37. bxc4 b3 38. Ne4 b2 39. Nxd6 b1=Q 0-1

[Event "*** Titled Tuesday Blitz"]
[Site "Chess.com"]
[Date "2020.11.24"]
[Round "1"]
[White "WonderChampion"]
[Black "AldokhinIvan"]
[Result "0-1"]
[WhiteElo "2034"]
[BlackElo "2481"]
[TimeControl "180+1"]
[EndTime "10:22:05 PST"]
[Termination "AldokhinIvan won by resignation"]

1. d4 Nf6 2. Bg5 Ne4 3. Bf4 c5 4. f3 Nf6 5. c3 Qb6 6. Qd2 cxd4 7.
cxd4 d5 8. Nc3 Nc6 9. e3 e6 10. Bd3 Be7 11. Nge2 O-O 12. O-O Nh5 13. b3 Nxf4 14. Nxf4 Bd7 15. Rac1 Rac8 16. Na4 Qb4 17. Qxb4 Nxb4 18. Bb1 b6 19. Nc3 Rc7 20. e4 Rfc8 21. Nfe2 dxe4 22. fxe4 Bg5 23. Rcd1 Rxc3 24. Nxc3 Rxc3 25.
d5 e5 26. Rf3 Rxf3 27. gxf3 Kf8 28. a3 Na6 29. Bd3 Nc5 30. Bc4 b5 31. b4 Nxe4 32.
fxe4 bxc4 33. Rf1 c3 34. Rf3 c2 35. Rc3 c1=Q+ 36. Rxc1 Bxc1 37. Kf1 Bxa3 0-1

[Event "*** Titled Tuesday Blitz"]
[Site "Chess.com"]
[Date "2020.11.24"]
[Round "1"]
[White "oykuince"]
[Black "SerGo055"]
[Result "0-1"]
[WhiteElo "1986"]
[BlackElo "2478"]
[TimeControl "180+1"]
[EndTime "10:22:05 PST"]
[Termination "SerGo055 won by resignation"]

1. e4 d5 2. exd5 Qxd5 3. Nc3 Qd8 4. d4 Nf6 5. Bc4 c6 6. Nf3 Bf5 7. Bd2 e6 8. Ne5 Be7 9. g4 Nbd7 10. gxf5 Nb6 11. Bb3 Qxd4 12. Nf3 Qg4 13. fxe6 O-O-O 14. Qe2 Kb8 15. O-O-O fxe6 16. Bxe6 Qh5 17. Bf4+ Ka8 18. Bb3 Bb4 19. Ne5 Bxc3 20. Qxh5 Nxh5 21. bxc3 Nxf4 22.
Nf7 Rxd1+ 23. Rxd1 Rf8 24. Rd8+ Rxd8 25. Nxd8 Kb8 26.
Nf7 Kc7 27. Ng5 h6 28. Ne6+ Nxe6 29. Bxe6 Kd6 30. Bf5 Ke5 31. Bd3 Kf4 32. Be2 Nd5 33. Kd2 Nf6 34. f3 Nd5 35. c4 Ne3 36. Kd3 c5 37.
Kd2 b6 38. c3 Nf5 39. Ke1 Ke3 40. Kd1 Nh4 41. Kc2 Kxe2 0-1

[Event "*** Titled Tuesday Blitz"]
[Site "Chess.com"]
[Date "2020.11.24"]
[Round "1"]
[White "kot60"]
[Black "Andreikka"]
[Result "0-1"]
[WhiteElo "2442"]
[BlackElo "2898"]
[TimeControl "180+1"]
[EndTime "10:22:06 PST"]
[Termination "Andreikka won on time"]

1. e4 e5 2. Nc3 Nc6 3. f4 Bc5 4. fxe5 Bxg1 5. Rxg1 Nxe5 6. d4 Ng6 7. g3 d6 8. Bg2 Nf6 9. Rf1 h6 10. Be3 Ng4 11. Bg1 c6 12. Qd2 Qe7 13. O-O-O Be6 14. h3 Nf6 15. d5 cxd5 16. exd5 Bd7 17. Rde1 Ne5 18. Bd4 O-O 19. g4 Rfe8 20. Kb1 Qd8 21. Qf2 Qa5 22. Ne4 Nxe4 23. Bxe4 f6 24. Bc3 Qb5 25. Qe2 Qxe2 26. Rxe2 Bb5 27. Ref2 Bxf1 28. Rxf1 Nc4 29. Bd3 Ne3 30. Rg1 Rac8 31. Bb4 Red8 32. Re1 Nxd5 33. Ba3 Nf4 34. Bf5 Rc7 35. b3 Nxh3 36. Re6 Ng5 0-1

[Event "*** Titled Tuesday Blitz"]
[Site "Chess.com"]
[Date "2020.11.24"]
[Round "1"]
[White "JozefKneht"]
[Black "vovachesss"]
[Result "1/2-1/2"]
[WhiteElo "2362"]
[BlackElo "2662"]
[TimeControl "180+1"]
[EndTime "10:22:06 PST"]
[Termination "Game drawn by repetition"]

1. d4 Nf6 2. c4 c6 3. Nf3 d5 4. Nc3 dxc4 5. a4 Bg4 6. e3 Nbd7 7. Bxc4 e6 8. h3 Bxf3 9. Qxf3 Bd6 10. O-O O-O 11.
Rd1 e5 12. d5 Qe7 13. e4 h6 14.
a5 Rfd8 15. a6 b5 16. Ba2 b4 17. dxc6 bxc3 18. cxd7 cxb2 19. Bxb2 Rxd7 20. Bd5 Rad8 21.
Bb7 Bc5 22. Bc3 Bxf2+ 23. Kxf2 Rxd1 24. Rxd1 Rxd1 25. Qxd1 Qc5+ 26. Kf1 Qxc3 27. Qe2 g6 28. Kg1 Nh5 29. Kh2 Qg3+ 30. Kh1 Nf4 31. Qd2 Kg7 32. Qb2 Qe1+ 33. Kh2 Ne2 34. Qxe5+ Kh7 35. Qc5 Qg3+ 36. Kh1 Qe1+ 37. Kh2 Qg3+ 38. Kh1 Qf4 39. e5 Ng3+ 40. Kg1 Ne2+ 41. Kh1 Qf1+ 42. Kh2 Qf4+ 43. Kh1 1/2-1/2

[Event "*** Titled Tuesday Blitz"]
[Site "Chess.com"]
[Date "2020.11.24"]
[Round "1"]
[White "wisdomboy"]
[Black "Artyom_ChessMate"]
[Result "0-1"]
[WhiteElo "2144"]
[BlackElo "2516"]
[TimeControl "180+1"]
[EndTime "10:22:06 PST"]
[Termination "Artyom_ChessMate won by resignation"]

1. d4 d5 2. c4 e6 3. Nc3 Nf6 4. Nf3 c5 5. Bg5 cxd4 6. Nxd4 e5 7. Nf3 d4 8. Nd5 Be6 9. Nxe5 Bxd5 10. cxd5 Qxd5 11.
Qa4+ b5 12. Qa5 Qxe5 13. e3 a6 14. Rc1 Nbd7 15. Bf4 Qe7 16. a3 dxe3 17. fxe3 Nd5 18. Kf2 g5 19. Re1 Bg7 20. Bxb5 Rc8 21. Bd3 Rc5 22.
Qxa6 O-O 23. b4 Rcc8 24. Bg3 Qf6+ 25. Bf4 Qxa6 26. Bxg5 Qxd3 27. Bf4 Rc2+ 28. Re2 Nxf4 29. Kg3 Nxe2+ 30. Kg4 Qxe3 31. g3 Qe6+ 32. Kf3 Nd4+ 33.
Kf4 Rf2+ 0-1

[Event "*** Titled Tuesday Blitz"]
[Site "Chess.com"]
[Date "2020.11.24"]
[Round "1"]
[White "Training_Day"]
[Black "ShapkinAnatoliy"]
[Result "0-1"]
[WhiteElo "2336"]
[BlackElo "2647"]
[TimeControl "180+1"]
[EndTime "10:22:07 PST"]
[Termination "ShapkinAnatoliy won on time"]

1. e4 e5 2. Nf3 Nc6 3. Bb5 Nf6 4.
d3 Bc5 5. Bxc6 dxc6 6. O-O Qd6 7. Nbd2 Be6 8. b3 O-O 9. Bb2 Nd7 10. Nh4 Rfe8 11. Qf3 Nf8 12. Nf5 Qd7 13. Nxg7 Ng6 14. Nxe8 Rxe8 15. Nc4 Bxc4 16. bxc4 Qe6 17. g3 b5 18. cxb5 cxb5 19. Qf5 f6 20. Qxe6+ Rxe6 21. a4 b4 22. Kg2 Rc6 23. c4 a5 24. f4 Rd6 25. Rad1 Kg7 26. h4 Bd4 27. Bxd4 Rxd4 28. h5 Ne7 29. fxe5 fxe5 30. Rf5 Nxf5 31. exf5 Kf6 32.
Kf3 Kxf5 0-1

[Event "*** Titled Tuesday Blitz"]
[Site "Chess.com"]
[Date "2020.11.24"]
[Round "1"]
[White "Chamal_Gedgafov"]
[Black "WPWPWP-2015"]
[Result "0-1"]
[WhiteElo "2167"]
[BlackElo "2521"]
[TimeControl "180+1"]
[EndTime "10:22:07 PST"]
[Termination "WPWPWP-2015 won by checkmate"]

1. d4 Nf6 2. c4 e6 3. Nc3 Bb4 4.
e3 O-O 5. Ne2 d6 6. a3 Bxc3+ 7.
Nxc3 e5 8. Be2 Bf5 9. O-O Nbd7 10. b4 a5 11. Bb2 c5 12. bxc5 dxc5 13. dxe5 Nxe5 14.
Nd5 Nfd7 15. Qd2 Be6 16. Qc3 f6 17. Rad1 Rc8 18. h3 Kh8 19. f4 Nc6 20. Bf3 Qe8 21.
Ba1 Qf7 22. Rb1 Rb8 23. Kh2 Rfe8 24. Rfc1 Nf8 25. Rb5 a4 26. Rxc5 Bf5 27. Rb5 Be4 28.
Rb2 Bxf3 29. gxf3 Ne7 30. e4 Neg6 31. Qe3 Rbd8 32. Rd2 Rd7 33. Rcd1 Ne6 34. f5 Ng5 35. fxg6 Qxg6 36. Rg1 Qh5 37. Rf2 Qxh3# 0-1

[Event "*** Titled Tuesday Blitz"]
[Site "Chess.com"]
[Date "2020.11.24"]
[Round "1"]
[White "Onischuk_V"]
[Black "DishonorOnYourCow"]
[Result "1-0"]
[WhiteElo "2874"]
[BlackElo "2437"]
[TimeControl "180+1"]
[EndTime "10:22:08 PST"]
[Termination "Onischuk_V won on time"]

1. e4 e5 2. Nf3 Nc6 3. Bc4 Bc5 4. d3 Nf6 5. Nbd2 d6 6. c3 a5 7.
a4 O-O 8. O-O h6 9. h3 Be6 10. Re1 Qb8 11. Nf1 Bxc4 12. dxc4 Qa7 13. Qc2 Ne7 14. Ng3 Qb6 15. Nh4 Qc6 16. Qd3 Ng6 17.
Nhf5 Qd7 18. Qf3 Nh7 19. Nh5 f6 20. Nhxg7 Ng5 21. Qh5 Kf7 22. Nxh6+ Kxg7 23. Nf5+ Kf7 24. Bxg5 fxg5 25. Qh7+ Ke8 26. Qxg6+ Kd8 27. Qxg5+ Kc8 28. Re2 Kb8 29. Qe7 Qc8 30. g3 Ka7 31. Kg2 Re8 32. Qg5 Rh8 33. h4 Qd7 34. Qe7 Qc6 35. Qe6 Rag8 36. Qd5 Qd7 37. b3 c6 38. Qd3 Rf8 39.
Rh1 Rhg8 40. h5 d5 41. cxd5 cxd5 42. h6 d4 43. cxd4 exd4 44. Qc4 b6 45. h7 Rh8 46.
Rh6 Rd8 47. Qd5 Rxh7 48. Rxh7 1-0

[Event "*** Titled Tuesday Blitz"]
[Site "Chess.com"]
[Date "2020.11.24"]
[Round "1"]
[White "JoliyRoger"]
[Black "anon102030"]
[Result "0-1"]
[WhiteElo "2377"]
[BlackElo "2720"]
[TimeControl "180+1"]
[EndTime "10:22:08 PST"]
[Termination "anon102030 won on time"]

1. Nf3 d6 2. d4 g6 3. c4 Bg7 4.
Nc3 Nd7 5. e4 e5 6. d5 Ne7 7. h3 h6 8. g4 a6 9. Rg1 Rb8 10. Be3 g5 11. h4 Nf6 12. hxg5 Nxg4 13. Bd2 Ng6 14. Qc2 hxg5 15. Bxg5 Bf6 16. Bd2 Bh4 17.
Rg2 Qf6 18. Qd3 Bd7 19. Be2 b5 20. Nxh4 Rxh4 21. Bxg4 Rh1+ 22. Ke2 Rxa1 23. cxb5 axb5 24. Bxd7+ Kxd7 25. Nxb5 Nf4+ 26. Bxf4 exf4 27. Kf3 Rh8 28. Qc4 Rh3+ 29. Rg3 fxg3+ 30. Kg2 Rh2+ 31. Kxg3 Qxf2+ 0-1

[Event "*** Titled Tuesday Blitz"]
[Site "Chess.com"]
[Date "2020.11.24"]
[Round "1"]
[White "akanga001"]
[Black "enriquetejedor"]
[Result "0-1"]
[WhiteElo "1948"]
[BlackElo "2476"]
[TimeControl "180+1"]
[EndTime "10:22:08 PST"]
[Termination "enriquetejedor won by resignation"]

1. d4 c5 2. d5 e5 3. c4 d6 4. e4 Nf6 5. Nc3 Be7 6. f4 Nbd7 7.
Nf3 exf4 8. Bxf4 Nh5 9. Be3 g6 10. Be2 Bf6 11. O-O O-O 12. Qd2 Ne5 13. Nxe5 Bxe5 14.
Bg5 f6 15. Bh6 Ng7 16. Kh1 Bd7 17. Rf2 Qe7 18. Bd3 Rf7 19. Raf1 a6 20. Bf4 Raf8 21.
Bxe5 fxe5 22. a4 Rxf2 23. Rxf2 Rxf2 24. Qxf2 Qg5 25. h3 Nh5 26. Kh2 Nf4 27. Bf1 Kg7 28.
g3 Nh5 29. h4 Qc1 30. Bh3 Bxh3 31. Kxh3 Qh1+ 32. Qh2 Qf3 33. Qg2 Nf4+ 0-1

[Event "*** Titled Tuesday Blitz"]
[Site "Chess.com"]
[Date "2020.11.24"]
[Round "1"]
[White "kasparicy"]
[Black "DoHoChess"]
[Result "0-1"]
[WhiteElo "2363"]
[BlackElo "2686"]
[TimeControl "180+1"]
[EndTime "10:22:09 PST"]
[Termination "DoHoChess won by resignation"]

1. e4 e5 2. Nf3 Nc6 3. Bc4 Bc5 4. O-O Nf6 5. d4 Bxd4 6. Nxd4 Nxd4 7. f4 d6 8. fxe5 dxe5 9. Bg5 Be6 10. Na3 Qe7 11.
Bxf6 gxf6 12. c3 Bxc4 13. Nxc4 Ne6 14. Kh1 Qc5 15. b3 b5 16. Na5 Qxc3 17. Qd5 O-O 18. Qxb5 Rab8 19. Qa4 Nc5 20. Qa3 Nxe4 21. Nc4 Qd4 22. h3 Ng3+ 23. Kh2 Nxf1+ 24. Rxf1 e4 25. Qe7 Rfe8 26. Qxc7 Rbd8 27. Rf4 Rd5 28. Qc6 Re6 29. Qc8+ Kg7 30. Qc7 Rg5 31. a4 Qd3 32. Qxa7 e3 33. Rf3 Qe2 34. Nxe3 Rxe3 0-1